[Event "Titled Tuesday Blitz June 21 Early 2022"]
[White "Corrales Jimenez, Fidel"]
[Black "Aaditya Dhingra"]
[WhiteFideId "3506690"]
[BlackFideId "25678191"]
[WhiteElo "2541"]
[BlackElo "1849"]
[Result "1-0"]
[Round "01"]
[TimeControl "180+1"]
[Date "2022.06.22"]
[WhiteClock "0:00:29"]
[BlackClock "0:00:02"]

1. d4 Nf6 2. c4 c5 3. d5 b5 4. cxb5 a6 5. bxa6 g6 6. Nc3 Bxa6 7. Nf3 Bg7 8. e4 Bxf1 9. Kxf1 d6 10. g3 Nbd7 11. Kg2 O-O 12. Qe2 Qa5 13. h3 Rfb8 14. Rb1 Ne8 15. Bd2 Nc7 16. a4 Qa6 17. Qe3 Rb3 18. Rhe1 Rab8 19. Qg5 Bf6 20. Qg4 Ne5 21. Nxe5 Bxe5 22. Qd7 R3b7 23. Qc6 Qxc6 24. dxc6 Rxb2 25. Rxb2 Rxb2 26. Nd5 Na6 27. Bh6 Bd4 28. Rf1 e6 29. c7 Nxc7 30. Nxc7 Ra2 31. Nb5 Rxa4 32. Nxd4 cxd4 33. Rc1 Ra8 34. Rc7 e5 35. f4 d3 36. Rd7 f6 37. Rxd6 Ra2+ 38. Kf3 Rh2 39. h4 exf4 40. Bxf4 f5 41. exf5 gxf5 42. Rxd3 1-0


[Site "https://www.chess.com"]

[Event "Titled Tuesday Blitz June 21 Early 2022"]
[White "Cramling Bellon, Anna"]
[Black "Krishnan, Varun"]
[WhiteFideId "32009232"]
[BlackFideId "5054508"]
[WhiteElo "1905"]
[BlackElo "2590"]
[Result "0-1"]
[Round "01"]
[TimeControl "180+1"]
[Date "2022.06.22"]
[WhiteClock "0:00:01"]
[BlackClock "0:00:04"]

1. d4 d5 2. c4 e6 3. Nc3 Be7 4. cxd5 exd5 5. Bf4 c6 6. e3 Bd6 7. Bxd6 Qxd6 8. Bd3 Ne7 9. Nge2 O-O 10. Ng3 Nd7 11. O-O Nf6 12. f3 h5 13. Qc2 h4 14. Nf5 Bxf5 15. Bxf5 g6 16. Bh3 Kg7 17. Rad1 Nh5 18. Ne2 Rfe8 19. e4 Nf4 20. Nxf4 Qxf4 21. Qd2 Qxd2 22. Rxd2 Rad8 23. e5 f5 24. exf6+ Kxf6 25. Re1 Nf5 26. Rxe8 Rxe8 27. Bxf5 gxf5 28. Kf2 f4 29. Re2 Rxe2+ 30. Kxe2 h3 31. gxh3 Kg5 32. Kf2 Kh5 33. b4 b6 34. a3 Kh4 35. Kg2 Kg5 36. Kf2 Kh5 37. Kg2 Kh4 38. a4 a5 39. bxa5 bxa5 40. Kh1 Kxh3 41. Kg1 Kh4 42. Kg2 Kg5 43. h3 Kf5 0-1


[Site "https://www.chess.com"]

[Event "Titled Tuesday Blitz June 21 Early 2022"]
[White "Cremisi, Daniel"]
[Black "Terry, Renato"]
[WhiteFideId "2089882"]
[BlackFideId "3803457"]
[WhiteElo "2172"]
[BlackElo "2577"]
[Result "0-1"]
[Round "01"]
[TimeControl "180+1"]
[Date "2022.06.21"]
[WhiteClock "0:00:03"]
[BlackClock "0:00:02"]

1. d4 e6 2. e4 d5 3. exd5 exd5 4. Nf3 Nc6 5. c3 Bd6 6. Bd3 Bg4 7. O-O Nge7 8. Na3 a6 9. Nc2 Qd7 10. Re1 O-O 11. Ne3 Bh5 12. Be2 Rfe8 13. Bd2 f6 14. Qb3 Na5 15. Qc2 Bg6 16. Bd3 Bxd3 17. Qxd3 Qb5 18. Qc2 Qd7 19. c4 Nxc4 20. Nxc4 dxc4 21. Qxc4+ Kf8 22. Re2 Qb5 23. Qxb5 axb5 24. a3 Nd5 25. Rxe8+ Kxe8 26. Re1+ Kd7 27. Rc1 g5 28. Ne1 Ra4 29. Be3 b4 30. axb4 Rxb4 31. Rc2 Rb3 32. Bd2 h5 33. Kf1 Bxh2 34. g3 h4 35. Kg2 hxg3 36. Nf3 g4 37. Nxh2 gxh2 38. Kxh2 Rd3 39. Bc3 b5 40. Kg2 b4 41. Be1 Rxd4 42. Kg3 f5 43. Re2 Kd6 44. Bd2 c5 45. Bh6 c4 46. Bf8+ Kd7 47. Re5 c3 48. bxc3 bxc3 49. Rxf5 Ke6 50. Rh5 c2 51. Bh6 Rc4 52. Rh1 Nc3 53. Re1+ Kf5 54. Bc1 Ne4+ 55. Kg2 Nc5 56. Re3 Na6 57. f3 Nb4 58. fxg4+ Kxg4 59. Rg3+ Kf5 60. Rf3+ Ke5 61. Kf1 Na2 62. Bb2+ Ke4 63. Rf2 Kd3 64. Rf3+ Kd2 65. Rf2+ Ke3 66. Re2+ Kd3 67. Ke1 c1=Q+ 68. Bxc1 Nxc1 69. Rd2+ Ke3 70. Rd8 Nd3+ 71. Kf1 Rc2 72. Re8+ Kf3 73. Rf8+ Nf4 74. Ke1 Ra2 75. Kd1 Ke3 76. Kc1 Nd3+ 77. Kb1 Rh2 78. Rc8 Kd4 79. Ka1 Rg2 80. Kb1 Nb4 81. Ka1 Nd5 82. Kb1 Rd2 83. Kc1 Kd3 84. Rd8 Rc2+ 85. Kd1 Rc5 86. Ke1 Ke3 87. Kf1 Nf4 88. Re8+ Kf3 89. Ke1 Rd5 90. Rf8 Rd6 91. Rf7 Rd8 92. Rf6 Ke3 93. Rf7 Rh8 94. Kf1 Rh1# 0-1


[Site "https://www.chess.com"]

[Event "Titled Tuesday Blitz June 21 Early 2022"]
[White "Csonka, Balazs"]
[Black "Deviprasath, Sharvesh"]
[WhiteFideId "742910"]
[BlackFideId "30938228"]
[WhiteElo "2404"]
[BlackElo "2102"]
[Result "1-0"]
[Round "01"]
[TimeControl "180+1"]
[Date "2022.06.22"]
[WhiteClock "0:00:09"]
[BlackClock "0:00:13"]

1. e4 c5 2. Nc3 Nc6 3. f4 g6 4. Nf3 Bg7 5. Bb5 Nd4 6. Bc4 e6 7. e5 d6 8. Ne4 dxe5 9. fxe5 Nxf3+ 10. Qxf3 Bxe5 11. Bb5+ Bd7 12. Bxd7+ Qxd7 13. Nxc5 Qc6 14. Nxb7 Qxf3 15. gxf3 Nf6 16. c3 Ke7 17. d4 Bc7 18. Nc5 Nd5 19. Nd3 Rab8 20. c4 Nf6 21. b3 Rhd8 22. Bb2 a5 23. O-O-O a4 24. Kc2 Nh5 25. h3 Ng3 26. Rhe1 Nf5 27. d5 Rd6 28. Be5 axb3+ 29. axb3 Rd7 30. Bxc7 Rxc7 31. Ne5 Kf6 32. d6 Rc5 33. Nd7+ 1-0


[Site "https://www.chess.com"]

[Event "Titled Tuesday Blitz June 21 Early 2022"]
[White "Curtis, John"]
[Black "Martin Carmona, Gaston Manuel"]
[WhiteFideId "3200256"]
[BlackFideId "22284567"]
[WhiteElo "2203"]
[BlackElo "2162"]
[Result "0-1"]
[Round "01"]
[TimeControl "180+1"]
[Date "2022.06.22"]
[WhiteClock "0:00:50"]
[BlackClock "0:01:21"]

1. e4 c5 2. Nf3 d6 3. Bb5+ Nd7 4. O-O a6 5. Be2 Ngf6 6. d3 g6 7. Re1 Bg7 8. Bf1 O-O 9. c3 b5 10. d4 e5 11. d5 Bb7 12. a4 c4 13. Na3 Qa5 14. Bd2 Nc5 15. axb5 axb5 16. Nc2 Qb6 17. Be3 Nfxe4 18. Nb4 Nf6 19. Qc2 Nxd5 20. Nxd5 Bxd5 21. Nd2 f5 22. b4 cxb3 23. Nxb3 Rxa1 24. Nxa1 Qc6 25. Rd1 Be4 26. Qa2+ Kh8 27. Qb2 Na4 28. Qxb5 Qxb5 29. Bxb5 Nxc3 30. Rxd6 Nxb5 31. Rd7 f4 32. Bc5 Rc8 33. Nb3 Bf5 34. Rb7 Nd4 35. Nxd4 exd4 36. g4 fxg3 37. hxg3 Rxc5 38. Rb8+ Rc8 39. Rb4 Rd8 40. Rb2 d3 41. Rd2 Bc3 42. g4 Bxd2 0-1


[Site "https://www.chess.com"]

[Event "Titled Tuesday Blitz June 21 Early 2022"]
[White "D`Arruda, Ricardo D."]
[Black "Srbis, Jurica"]
[WhiteFideId "100692"]
[BlackFideId "14515555"]
[WhiteElo "2501"]
[BlackElo "2519"]
[Result "0-1"]
[Round "01"]
[TimeControl "180+1"]
[Date "2022.06.21"]
[WhiteClock "0:00:02"]
[BlackClock "0:00:11"]

1. Nf3 Nf6 2. d4 e6 3. Nbd2 d5 4. e3 c5 5. c4 Nc6 6. Bd3 cxd4 7. exd4 dxc4 8. Nxc4 Bb4+ 9. Bd2 Bxd2+ 10. Qxd2 Nxd4 11. Nxd4 Qxd4 12. Qb4 Ne4 13. O-O-O Qc5 14. Qxc5 Nxc5 15. Bc2 Ke7 16. b4 Na6 17. a3 Bd7 18. Ne5 Rhd8 19. Be4 Rac8+ 20. Kb2 Rc7 21. Rd2 Be8 22. Rhd1 Rxd2+ 23. Rxd2 f6 24. Nd3 f5 25. Bf3 b6 26. Ne5 Nb8 27. h4 Nd7 28. Nc6+ Kf6 29. g3 Nf8 30. Nd4 e5 31. Nc2 e4 32. Be2 Ne6 33. Ne3 Rd7 34. Nd5+ Ke5 35. Bc4 Nc7 36. f4+ exf3 0-1


[Site "https://www.chess.com"]

[Event "Titled Tuesday Blitz June 21 Early 2022"]
[White "Di Nicolantonio, Lucas"]
[Black "Navara, David"]
[WhiteFideId "680460"]
[BlackFideId "309095"]
[WhiteElo "2381"]
[BlackElo "2686"]
[Result "0-1"]
[Round "01"]
[TimeControl "180+1"]
[Date "2022.06.21"]
[WhiteClock "0:00:11"]
[BlackClock "0:01:16"]

1. e4 c5 2. Nf3 d6 3. Bc4 Nf6 4. d3 Nc6 5. O-O g6 6. h3 Bg7 7. c3 O-O 8. Re1 d5 9. exd5 Nxd5 10. a4 b6 11. Bg5 h6 12. Bh4 Bb7 13. Nbd2 Qd7 14. Bg3 Rfe8 15. Qc2 e5 16. Rad1 Kh7 17. Bb5 a6 18. Bxc6 Qxc6 19. Bxe5 Bxe5 20. Rxe5 Nb4 21. cxb4 Rxe5 22. b5 axb5 23. axb5 Qd5 24. Nc4 Re6 25. Qc3 Rae8 26. Ra1 Qf5 27. b4 Bxf3 0-1


[Site "https://www.chess.com"]

[Event "Titled Tuesday Blitz June 21 Early 2022"]
[White "Dobre, Claudiu-Cristian"]
[Black "Martinez Alcantara, Jose Eduardo"]
[WhiteFideId "1211854"]
[BlackFideId "3805662"]
[WhiteElo "2207"]
[BlackElo "2703"]
[Result "0-1"]
[Round "01"]
[TimeControl "180+1"]
[Date "2022.06.21"]
[WhiteClock "0:00:02"]
[BlackClock "0:00:11"]

1. c4 c5 2. Nf3 Nc6 3. d4 cxd4 4. Nxd4 Nf6 5. Nc3 e6 6. a3 Bc5 7. Nb3 Be7 8. e4 O-O 9. Be2 b6 10. O-O Bb7 11. f4 Rc8 12. Be3 d6 13. Rc1 Nb8 14. Nd2 Nbd7 15. Bf3 a6 16. Qe2 Qc7 17. b4 Rfe8 18. Qf2 Qb8 19. Bxb6 Nxb6 20. Qxb6 Nd7 21. Qf2 Ba8 22. Kh1 Rc7 23. Be2 Rec8 24. Nb3 Bf6 25. Na5 Bxc3 26. Rxc3 Bxe4 27. Qd4 d5 28. c5 Qa8 29. Rg3 f6 30. Bg4 Re8 31. c6 Nb8 32. Qb6 Rxc6 33. Nxc6 Qxc6 34. Qxc6 Nxc6 35. Be2 Ra8 36. Rc1 Nd4 37. Bd3 f5 38. Kg1 Ra7 39. Kf2 Kf7 40. Bf1 Kf6 41. Rgc3 Nb5 42. Rb3 g5 43. a4 Nd4 44. fxg5+ Kxg5 45. Rbc3 Rb7 46. Rg3+ Kf6 47. b5 axb5 48. a5 Ra7 49. Ra1 b4 50. a6 b3 51. Ra4 b2 52. Rb4 b1=Q 53. Rxb1 Bxb1 54. Ke3 Nb3 55. Kf4 e5+ 56. Kf3 Nc5 57. Kf2 Ne4+ 0-1


[Site "https://www.chess.com"]

[Event "Titled Tuesday Blitz June 21 Early 2022"]
[White "Dobrikov, Marco"]
[Black "Hartikainen, Jarmo"]
[WhiteFideId "12950378"]
[BlackFideId "503134"]
[WhiteElo "2101"]
[BlackElo "2155"]
[Result "1-0"]
[Round "01"]
[TimeControl "180+1"]
[Date "2022.06.22"]
[WhiteClock "0:01:40"]
[BlackClock "0:00:10"]

1. e4 c5 2. Nc3 Nc6 3. f4 e6 4. Nf3 d5 5. exd5 exd5 6. d4 Bg4 7. Be2 Nf6 8. O-O Be7 9. dxc5 Bxc5+ 10. Kh1 O-O 11. Ne5 Bxe2 12. Nxe2 Qc7 13. Nd3 Bd6 14. Qe1 Rfe8 15. Qf2 Ne4 16. Qf3 Rad8 17. c3 f5 18. Be3 Qe7 19. Nd4 g6 20. Rad1 Ng3+ 21. Qxg3 Qxe3 22. Nf3 Re4 23. Rfe1 Qb6 24. Ng5 Rde8 25. Nxe4 dxe4 26. Re2 Qc7 27. Rf1 Re7 28. Ne1 b5 29. Nc2 a5 30. Ne3 Qc8 31. Nd5 Rf7 32. Rd1 Qe6 33. Qh4 Bf8 34. Qf2 b4 35. c4 Bg7 36. b3 Rd7 37. Red2 Rb7 38. Qc5 e3 39. Qxe3 Qxe3 40. Nxe3 Re7 41. Nd5 Nd4 42. Nxe7+ 1-0


[Site "https://www.chess.com"]

[Event "Titled Tuesday Blitz June 21 Early 2022"]
[White "Domingo Nunez, Ruben"]
[Black "Lauridsen, Jesper Morch"]
[WhiteFideId "22245570"]
[BlackFideId "1401890"]
[WhiteElo "2376"]
[BlackElo "2219"]
[Result "1-0"]
[Round "01"]
[TimeControl "180+1"]
[Date "2022.06.22"]
[WhiteClock "0:00:27"]
[BlackClock "0:00:06"]

1. Nf3 g6 2. g3 Bg7 3. c4 e5 4. Nc3 d6 5. Bg2 Nc6 6. Rb1 a5 7. a3 Nge7 8. d3 O-O 9. b4 axb4 10. axb4 Nf5 11. Bg5 f6 12. Bd2 Ncd4 13. O-O Nxf3+ 14. Bxf3 Nd4 15. Bd5+ Kh8 16. e3 Ne6 17. Qb3 Ng5 18. h4 Nf7 19. d4 Bh3 20. Rfe1 c6 21. Bg2 Bxg2 22. Kxg2 g5 23. h5 g4 24. b5 Ng5 25. Rh1 Nf3 26. Qd1 exd4 27. exd4 Nxd4 28. Qxg4 f5 29. Qd1 Qf6 30. h6 f4 31. hxg7+ Qxg7 32. Rh3 f3+ 33. Kh2 Rae8 34. Bh6 Qg4 35. Rh4 Qxh4+ 36. gxh4 Ne2 37. Nxe2 fxe2 38. Qd4+ Kg8 39. Qg7# 1-0


[Site "https://www.chess.com"]

[Event "Titled Tuesday Blitz June 21 Early 2022"]
[White "Dubov, Daniil"]
[Black "Ianov, Viktor"]
[WhiteFideId "24126055"]
[BlackFideId "14102730"]
[WhiteElo "2791"]
[BlackElo "2152"]
[Result "1-0"]
[Round "01"]
[TimeControl "180+1"]
[Date "2022.06.21"]
[WhiteClock "0:00:24"]
[BlackClock "0:01:08"]

1. d4 d6 2. e4 Nf6 3. Nc3 Nbd7 4. Nf3 e5 5. h3 Be7 6. g4 O-O 7. Be3 c6 8. g5 Ne8 9. a4 Nc7 10. h4 Ne6 11. d5 Nf4 12. Qd2 a5 13. Bxf4 exf4 14. Qxf4 Ne5 15. Nxe5 dxe5 16. Qxe5 Bb4 17. O-O-O Re8 18. Qd4 Bxc3 19. Qxc3 Qd6 20. dxc6 Qf4+ 21. Kb1 bxc6 22. Bc4 Be6 23. Bxe6 Rxe6 24. f3 Qc7 25. h5 Rb8 26. h6 Qe5 27. Qxe5 Rxe5 28. Rhg1 g6 29. Rd6 Rc5 30. b3 Kf8 31. f4 Rc4 32. Re1 Rxa4 33. Rxc6 Rab4 34. Re3 a4 35. Kb2 axb3 36. Rxb3 Rxb3+ 37. cxb3 Rd8 38. Kc2 Rd4 39. Rc4 Rd6 40. b4 Ra6 41. b5 Ra2+ 42. Kb3 Ra1 43. Kb4 Rb1+ 44. Ka5 Ke7 45. Rd4 Ke6 46. b6 Rb2 47. Ka6 f6 48. gxf6 Kxf6 49. b7 g5 50. fxg5+ Kxg5 51. Rd5+ 1-0


[Site "https://www.chess.com"]

[Event "Titled Tuesday Blitz June 21 Early 2022"]
[White "Dudzinski, Pawel"]
[Black "Cunha, Lucas Aguiar"]
[WhiteFideId "1117890"]
[BlackFideId "2125404"]
[WhiteElo "2011"]
[BlackElo "2328"]
[Result "0-1"]
[Round "01"]
[TimeControl "180+1"]
[Date "2022.06.22"]
[WhiteClock "0:00:02"]
[BlackClock "0:01:37"]

1. e4 c5 2. Nc3 Nc6 3. g3 g6 4. Bg2 Bg7 5. d3 d6 6. Be3 Rb8 7. Qd2 b5 8. f4 b4 9. Nd1 a5 10. Nf3 Nf6 11. h3 O-O 12. O-O a4 13. a3 b3 14. c3 Ba6 15. Nf2 Qc7 16. Rfe1 Rfd8 17. d4 Na5 18. Bf1 Bxf1 19. Rxf1 Nc4 20. Qe2 Nxe3 21. Qxe3 Nd7 22. d5 Nb6 23. Nd2 e6 24. dxe6 fxe6 25. Qf3 d5 26. e5 Rf8 27. Qe2 Rf5 28. Nf3 Rbf8 29. Nd3 Nc4 30. Nd2 Nxd2 31. Qxd2 c4 32. Nf2 g5 33. Ng4 gxf4 34. gxf4 h5 35. Nf6+ Bxf6 36. exf6 R8xf6 37. Kh1 Rxf4 38. Rxf4 Qxf4 39. Rg1+ Kf7 40. Qg2 Qf3 41. Kh2 Qxg2+ 42. Rxg2 e5 43. Rd2 Ke6 44. Kg3 Rf4 45. Re2 Kf5 46. Rd2 d4 47. cxd4 exd4 48. Re2 c3 49. Re8 h4+ 50. Kg2 c2 51. Rc8 d3 0-1


[Site "https://www.chess.com"]

[Event "Titled Tuesday Blitz June 21 Early 2022"]
[White "Durarbayli, Vasif"]
[Black "Snehal, Bhosale"]
[WhiteFideId "13402935"]
[BlackFideId "5021995"]
[WhiteElo "2528"]
[BlackElo "2103"]
[Result "1-0"]
[Round "01"]
[TimeControl "180+1"]
[Date "2022.06.21"]
[WhiteClock "0:00:11"]
[BlackClock "0:00:02"]

1. e4 c5 2. Nf3 d6 3. Bb5+ Bd7 4. a4 Nf6 5. Qe2 g6 6. O-O Bg7 7. c3 O-O 8. d4 cxd4 9. cxd4 Bc6 10. Nc3 Nbd7 11. Bd3 e6 12. b4 b6 13. Ba3 Bb7 14. Rac1 a6 15. b5 axb5 16. Nxb5 Rxa4 17. Bxd6 Qa8 18. Bxf8 Bxf8 19. Rc7 Ba6 20. e5 Nd5 21. Rxd7 Nf4 22. Qe3 Nxd3 23. Qxd3 Qc6 24. Rd8 Bxb5 25. Qe3 Kg7 26. Rc1 Bc4 27. h4 b5 28. h5 h6 29. hxg6 fxg6 30. Qf4 Be7 31. Rd6 Qa6 32. Rxa6 1-0


[Site "https://www.chess.com"]

[Event "Titled Tuesday Blitz June 21 Early 2022"]
[White "Dushyant Sharma"]
[Black "Bharath Subramaniyam H"]
[WhiteFideId "25065130"]
[BlackFideId "46634827"]
[WhiteElo "2105"]
[BlackElo "2242"]
[Result "0-1"]
[Round "01"]
[TimeControl "180+1"]
[Date "2022.06.22"]
[WhiteClock "0:00:54"]
[BlackClock "0:01:26"]

1. e4 c5 2. Nf3 e6 3. d4 cxd4 4. Nxd4 a6 5. Nc3 Qc7 6. f4 b5 7. Nf3 Bb7 8. Bd3 d6 9. O-O Nd7 10. Kh1 Be7 11. Qe1 Ngf6 12. a3 Nc5 13. Bd2 O-O 14. b4 Ncd7 15. Qg3 d5 16. exd5 Nxd5 17. Nxd5 Bxd5 18. Ne5 Bd6 19. Rae1 f6 20. Bxh7+ Kxh7 21. Qh3+ Kg8 22. Ng6 Qxc2 23. f5 Qxd2 24. Rg1 Qh6 0-1


[Site "https://www.chess.com"]

[Event "Titled Tuesday Blitz June 21 Early 2022"]
[White "Einarsson, Halldor Gretar"]
[Black "Florescu, Codrut-Constantin"]
[WhiteFideId "2300150"]
[BlackFideId "1202200"]
[WhiteElo "2114"]
[BlackElo "2191"]
[Result "0-1"]
[Round "01"]
[TimeControl "180+1"]
[Date "2022.06.22"]
[WhiteClock "0:00:01"]
[BlackClock "0:01:17"]

1. d4 Nf6 2. c4 e6 3. g3 d5 4. Nf3 Be7 5. Bg2 O-O 6. O-O c6 7. Qc2 Nbd7 8. Nbd2 b6 9. e4 Bb7 10. e5 Ne8 11. Rd1 Nc7 12. b3 c5 13. Ba3 Rc8 14. Nf1 b5 15. dxc5 bxc4 16. bxc4 Bxc5 17. Bxc5 Nxc5 18. Ne3 Qe7 19. Rab1 Ba8 20. h4 h6 21. Qc3 dxc4 22. Nxc4 Nd5 23. Qa3 Ne4 24. Qxe7 Nxe7 25. Nd6 Nc3 26. Nxc8 Nxc8 27. Rdc1 Nxb1 28. Rxb1 Nb6 29. Rc1 Bd5 0-1


[Site "https://www.chess.com"]

[Event "Titled Tuesday Blitz June 21 Early 2022"]
[White "Escudero Donoso, Felipe"]
[Black "Tica, Sven"]
[WhiteFideId "3410595"]
[BlackFideId "14526948"]
[WhiteElo "2184"]
[BlackElo "2346"]
[Result "0-1"]
[Round "01"]
[TimeControl "180+1"]
[Date "2022.06.22"]
[WhiteClock "0:00:02"]
[BlackClock "0:01:34"]

1. Nf3 g6 2. c4 Bg7 3. d4 d6 4. g3 Nd7 5. Nc3 e5 6. Bg2 Ne7 7. O-O O-O 8. Rb1 Nc6 9. dxe5 Ndxe5 10. Nxe5 Nxe5 11. b3 Bf5 12. e4 Bd7 13. Bb2 a6 14. h3 b5 15. f4 Nc6 16. Nd5 bxc4 17. Bxg7 Kxg7 18. bxc4 Rb8 19. Qc2 Nd4 20. Qd3 c5 21. Kh2 Be6 22. e5 Rxb1 23. Qxb1 dxe5 24. fxe5 Qb8 25. Qe4 Re8 26. Rb1 Qd8 27. Nf6 Bf5 28. Nxe8+ Qxe8 29. Qe1 Bxb1 30. Qxb1 Qxe5 31. Qb7 Qe2 32. Qe4 Qxe4 33. Bxe4 f5 34. Bd5 Kf6 35. Kg2 Ke5 36. Kf2 Nc2 37. Kf3 h6 38. Bb7 a5 39. g4 f4 0-1


[Site "https://www.chess.com"]

[Event "Titled Tuesday Blitz June 21 Early 2022"]
[White "Estrada Nieto, Julian"]
[Black "Sapunov, Evgeny"]
[WhiteFideId "5101018"]
[BlackFideId "4126661"]
[WhiteElo "2252"]
[BlackElo "2470"]
[Result "0-1"]
[Round "01"]
[TimeControl "180+1"]
[Date "2022.06.22"]
[WhiteClock "0:00:49"]
[BlackClock "0:00:49"]

1. e4 c5 2. Nf3 d6 3. d4 cxd4 4. Qxd4 a6 5. Bc4 e6 6. Nc3 Nf6 7. Qd3 Qc7 8. Bf4 Nbd7 9. O-O-O Ng4 10. Bg3 Be7 11. Bb3 Nge5 12. Qe2 b5 13. Nd4 Nc5 14. f4 Nc6 15. f5 b4 16. Na4 Nxb3+ 17. axb3 Nxd4 18. Rxd4 Rb8 19. Rhd1 e5 20. Rc4 Qb7 21. Bf2 Bd7 22. Qg4 O-O 23. f6 Bxg4 24. fxe7 Qxe7 25. Re1 Be6 26. Rc6 Rfc8 27. Rxa6 Bxb3 28. Nb6 Rxc2+ 29. Kb1 Qc7 0-1


[Site "https://www.chess.com"]

[Event "Titled Tuesday Blitz June 21 Early 2022"]
[White "Flynn, Jacob"]
[Black "Agasarov, Benik"]
[WhiteFideId "2509393"]
[BlackFideId "13314823"]
[WhiteElo "1896"]
[BlackElo "2654"]
[Result "1-0"]
[Round "01"]
[TimeControl "180+1"]
[Date "2022.06.22"]
[WhiteClock "0:00:05"]
[BlackClock "0:00:01"]

1. d4 Nf6 2. c4 e6 3. Nc3 Bb4 4. Qc2 O-O 5. Nf3 c5 6. dxc5 Na6 7. g3 Nxc5 8. Bg2 Nce4 9. O-O Bxc3 10. bxc3 d5 11. cxd5 exd5 12. Nd4 Qc7 13. Bf4 Qc4 14. Rfc1 Bd7 15. Rab1 Ba4 16. Qd3 Qxd3 17. exd3 Nc5 18. Bf1 Rfc8 19. Nf5 Re8 20. Nd6 Re7 21. Rb4 Bc6 22. Nf5 Rd7 23. Nd4 Ne6 24. Nxc6 bxc6 25. Be5 Rdd8 26. Rcb1 Nd7 27. Bd6 Nb6 28. Be5 f6 29. Bf4 c5 30. Rb5 Nxf4 31. gxf4 Rac8 32. Bh3 Rc7 33. d4 cxd4 34. cxd4 Kf7 35. Kg2 Rc2 36. Rc5 Nc4 37. Rb7+ Kg8 38. Rcc7 Ne3+ 39. Kf3 Rxc7 40. Rxc7 Nc4 41. Rxa7 Re8 42. a4 g6 43. Bd7 Re4 44. a5 Rxd4 45. Be6+ Kh8 46. a6 Nb6 47. Rb7 Rb4 48. a7 Rb3+ 49. Kg2 Rb5 50. Rxb6 Rxb6 51. a8=Q+ Kg7 52. Qg8+ Kh6 53. Qf8+ Kh5 54. Qxf6 h6 55. h3 d4 56. Bg4# 1-0


[Site "https://www.chess.com"]

[Event "Titled Tuesday Blitz June 21 Early 2022"]
[White "Fries-Nielsen, Jens Ove"]
[Black "Bluebaum, Matthias"]
[WhiteFideId "1400142"]
[BlackFideId "24651516"]
[WhiteElo "2508"]
[BlackElo "2556"]
[Result "0-1"]
[Round "01"]
[TimeControl "180+1"]
[Date "2022.06.21"]
[WhiteClock "0:01:22"]
[BlackClock "0:00:44"]

1. d4 Nf6 2. Nc3 d5 3. Bf4 c5 4. e3 cxd4 5. Qxd4 a6 6. O-O-O Nc6 7. Qd2 e5 8. Bg5 Bb4 9. a3 Bxc3 10. Qxc3 Ne4 11. Bxd8 Nxc3 12. bxc3 Kxd8 13. Rxd5+ Kc7 14. Nf3 Be6 15. Rd2 f6 16. Be2 Rad8 17. Rhd1 Rxd2 18. Nxd2 Na5 19. Nb3 Bxb3 20. cxb3 Nxb3+ 21. Kc2 Nc5 22. h4 Rd8 23. Rxd8 Kxd8 24. Bf3 Kc7 25. c4 Kb6 26. Kc3 Ka5 27. g4 Ka4 28. Kb2 Ka5 29. Kc3 g5 30. hxg5 fxg5 31. Bd5 Ka4 32. Kb2 Nd3+ 33. Kc3 Nxf2 34. Bxb7 Nxg4 35. Bc6+ Ka5 36. c5 Nxe3 37. Bd7 h5 38. Kd3 Nd5 39. Kc4 Nc7 40. Kd3 Nd5 41. Ke4 Nf6+ 0-1


[Site "https://www.chess.com"]

[Event "Titled Tuesday Blitz June 21 Early 2022"]
[White "Gabrielian, Artur"]
[Black "Horak, Martin"]
[WhiteFideId "4131002"]
[BlackFideId "367095"]
[WhiteElo "2440"]
[BlackElo "1997"]
[Result "1-0"]
[Round "01"]
[TimeControl "180+1"]
[Date "2022.06.22"]
[WhiteClock "0:02:11"]
[BlackClock "0:01:32"]

1. e4 c5 2. Nc3 d6 3. d4 cxd4 4. Qxd4 Nc6 5. Qd2 g6 6. b3 Bg7 7. Bb2 Nf6 8. O-O-O a6 9. f3 b5 10. Kb1 b4 11. Nd5 e6 12. Nxf6+ Bxf6 13. Bxf6 Qxf6 14. Qxd6 Ne7 15. Qd8# 1-0


[Site "https://www.chess.com"]

[Event "Titled Tuesday Blitz June 21 Early 2022"]
[White "Garagulya, Konstantin"]
[Black "Samsonkin, Artiom"]
[WhiteFideId "4128931"]
[BlackFideId "13503111"]
[WhiteElo "2329"]
[BlackElo "2513"]
[Result "0-1"]
[Round "01"]
[TimeControl "180+1"]
[Date "2022.06.22"]
[WhiteClock "0:00:03"]
[BlackClock "0:00:20"]

1. d4 d5 2. Nf3 Nf6 3. c4 dxc4 4. Qa4+ Nbd7 5. Qxc4 a6 6. Bg5 h6 7. Bh4 e6 8. Nbd2 b5 9. Qc6 Rb8 10. Bg3 Bb7 11. Qxc7 Qxc7 12. Bxc7 Rc8 13. Bg3 Rc2 14. Rb1 g5 15. Kd1 Rc8 16. e3 Nd5 17. h3 f5 18. Ne5 f4 19. exf4 gxf4 20. Ng6 fxg3 21. Nxh8 Ne7 22. Bd3 gxf2 23. Nf3 e5 24. dxe5 Nc5 25. Bc2 Ne4 26. Bxe4 Bxe4 27. Rc1 Rd8+ 28. Ke2 Bg7 29. Kxf2 Bxh8 30. Rhd1 Bd5 31. b3 Ng6 32. Rc7 Nxe5 33. Nxe5 Bxe5 34. Rh7 Rd6 35. Re1 Re6 36. Ra7 Bd4+ 37. Kf1 Bxa7 0-1


[Site "https://www.chess.com"]

[Event "Titled Tuesday Blitz June 21 Early 2022"]
[White "Garcia Cuenca, Victor"]
[Black "Kozak, Antoni"]
[WhiteFideId "2250829"]
[BlackFideId "21832030"]
[WhiteElo "2317"]
[BlackElo "2320"]
[Result "1-0"]
[Round "01"]
[TimeControl "180+1"]
[Date "2022.06.22"]
[WhiteClock "0:01:29"]
[BlackClock "0:01:21"]

1. d4 Nf6 2. Nf3 g6 3. g3 Bg7 4. Bg2 O-O 5. O-O b6 6. c4 Bb7 7. Nc3 Re8 8. d5 e5 9. e4 c6 10. h3 Na6 11. b3 Nc5 12. Ne1 a5 13. Be3 d6 14. dxc6 Bxc6 15. Qc2 Qc7 16. Rd1 Qb7 17. f3 Bf8 18. Rf2 Nh5 19. Kh2 Rad8 20. h4 Bd7 21. Bh3 Bxh3 22. Kxh3 Qc8+ 23. Kg2 f5 24. Bg5 Be7 25. exf5 gxf5 26. Nd5 Bxg5 27. hxg5 Qe6 28. Nd3 Qg6 29. Nxc5 bxc5 30. f4 h6 31. Rh1 hxg5 32. Rxh5 gxf4 33. Qxf5 Qxf5 34. Rxf5 fxg3 35. R2f3 Re6 36. Rxg3+ Kh7 37. Nf6+ Rxf6 38. Rxf6 d5 39. Rf1 1-0


[Site "https://www.chess.com"]

[Event "Titled Tuesday Blitz June 21 Early 2022"]
[White "Gatterer, Florian"]
[Black "Prokofiev, Valentyn"]
[WhiteFideId "811688"]
[BlackFideId "14160161"]
[WhiteElo "2218"]
[BlackElo "2142"]
[Result "0-1"]
[Round "01"]
[TimeControl "180+1"]
[Date "2022.06.22"]
[WhiteClock "0:00:01"]
[BlackClock "0:00:17"]

1. f4 d5 2. Nf3 Bg4 3. e3 e6 4. h3 Bxf3 5. Qxf3 Nf6 6. Nc3 c6 7. b3 Nbd7 8. Bb2 Bd6 9. d4 Qe7 10. O-O-O Ba3 11. e4 Bxb2+ 12. Kxb2 dxe4 13. Nxe4 Nxe4 14. Qxe4 Nf6 15. Qe5 O-O-O 16. Bc4 Qc7 17. g4 h5 18. g5 Qxe5 19. dxe5 Ne4 20. Rde1 Ng3 21. Rhg1 h4 22. g6 b5 23. Bd3 fxg6 24. Bxg6 Rd2 25. f5 exf5 26. e6 Re2 27. Rxe2 Nxe2 28. Re1 Nf4 29. Bxf5 Kd8 30. Re4 Nd5 31. e7+ Nxe7 32. Bg4 Rh6 33. Re5 Rf6 34. Rg5 g6 35. Re5 Nd5 36. a4 a6 37. axb5 axb5 38. c4 Rf2+ 39. Kc1 Nb4 40. Re6 Nd3+ 41. Kd1 Kc7 42. cxb5 cxb5 43. Rxg6 Rb2 44. Be6 Nf4 45. Rg7+ Kb6 46. Bg4 Rxb3 47. Rh7 Ng2 48. Rh5 Re3 49. Kd2 Rg3 50. Rf5 Ka5 51. Re5 Ka4 52. Re6 b4 53. Ra6+ Kb5 54. Ra8 b3 55. Rb8+ Kc5 56. Rc8+ Kd4 57. Rd8+ Ke5 58. Re8+ Kf6 59. Rf8+ Ke7 60. Rb8 Nf4 61. Rb7+ Kd6 62. Rb6+ Kc7 63. Rb5 Kc6 64. Rb8 Rg2+ 65. Ke3 Nd5+ 66. Kd4 Rd2+ 67. Ke5 b2 68. Bf3 Kc5 69. Bxd5 Rxd5+ 70. Kf4 Rd4+ 71. Kg5 Rb4 72. Rxb4 Kxb4 73. Kxh4 b1=Q 74. Kg5 Qh7 75. h4 Kc5 76. h5 Kd6 77. h6 Ke5 78. Kh5 Kf5 79. Kh4 Qxh6+ 80. Kg3 Ke4 81. Kg4 Qg6+ 82. Kh4 Kf3 83. Kh3 Qg3# 0-1


[Site "https://www.chess.com"]